 Dungeon Crawl Stone Soup version 0.29.1-1-gd02db6906a (webtiles) character file.

Game seed: 11773588242449526705

158 Aibolit the Covert (level 5, 0/38 HPs)
             Began as a Vampire Brigand on Sept 24, 2022.
             Killed by divine providence
             ... invoked by an orc priest
              (15 damage)
             ... on level 4 of the Dungeon.
             The game lasted 00:16:46 (2294 turns).

Aibolit the Covert (Vampire Brigand)                Turns: 2294, Time: 00:16:46

Health: 0/38       AC:  8    Str: 10    XL:     5   Next: 16%
Magic:  5/5        EV: 12    Int: 20    God:
Gold:   88         SH:  0    Dex: 17    Spells: 4/4 levels left

rFire   . . .      SeeInvis +   r - +1 short sword (venom)
rCold   . . .      Faith    .   (no shield)
rNeg    . . .      Spirit   .   h - +1 leather armour
rPois   .          Reflect  .   l - +0 helmet
rElec   .          Harm     .   c - +0 cloak
rCorr   .          Rampage  .   m - +0 pair of gloves
Will    .....                   n - +0 pair of boots
Stlth   ++++......              v - amulet of regeneration
HPRegen 1.12/turn               s - +6 ring of intelligence
MPRegen 0.09/turn               (no ring)

@: healing quickly
A: alive, fangs 3, see invisible, vampiric 2
a: Exsanguinate


You were on level 4 of the Dungeon.
You visited 1 branch of the dungeon, and saw 4 of its levels.

You collected 185 gold pieces.
You spent 97 gold pieces at shops.

Inventory:

Hand Weapons
 k - a +0 dagger of electrocution
 r - a +1 short sword of venom (weapon)
Missiles
 d - 12 poisoned darts (quivered)
 e - 3 curare-tipped darts
 f - 2 atropa-tipped darts
 g - 21 stones
Armour
 c - a +0 cloak (worn)
 h - a +1 leather armour (worn)
 l - a +0 helmet (worn)
 m - a +0 pair of gloves (worn)
 n - a +0 pair of boots (worn)
Jewellery
 b - an amulet of faith
 s - a +6 ring of intelligence (left hand)
 v - an amulet of regeneration (around neck)
Wands
 a - a wand of mindburst (12)
Scrolls
 i - a scroll of blinking
 j - a scroll of fear
 p - 2 scrolls of enchant armour
 q - a scroll of poison
Potions
 o - a potion of flight {unknown}
 t - a potion of degeneration {unknown}
 u - a potion of curing


   Skills:
 + Level 2.2 Fighting
 + Level 3.1 Short Blades
 + Level 1.8 Throwing
 + Level 1.1 Armour
 + Level 1.9 Dodging
 + Level 8.0 Stealth


You had 4 spell levels left.
You didn't know any spells.
Your spell library contained the following spells:

 Spells                   Type           Power      Damage    Failure   Level
 Summon Small Mammal      Summ           0%         N/A       26%         1
 Sublimation of Blood     Necr           0%         N/A       36%         2
 Call Canine Familiar     Summ           0%         N/A       61%         3
 Summon Guardian Golem    Hex/Summ       0%         N/A       61%         3
 Hailstorm                Conj/Ice       0%         3d3       95%         4
 Ice Form                 Ice/Tmut       0%         N/A       95%         4
 Petrify                  Tmut/Erth      0%         N/A       95%         4
 Irradiate                Conj/Tmut      0%         3d11      100%        5
 Simulacrum               Ice/Necr       0%         N/A       100%        6


Dungeon Overview and Level Annotations

Branches:
Dungeon (4/15)
 Temple: D:4-7

Altars:
Ashenzari
Dithmenos

Shops:
D:1 (![([   D:3 *


Innate Abilities, Weirdness & Mutations

Your natural rate of healing is accelerated.
You have razor-sharp teeth.
You have supernaturally acute eyesight. (SInv)
You are afflicted with vampirism and can become a bat while bloodless.


Message History

You continue putting on your amulet of regeneration. x3
The orc priest closely misses you.
You continue putting on your amulet of regeneration.
The orc priest hits you but does no damage.
You finish putting on your amulet of regeneration.
The amulet throbs as it attunes itself to your uninjured body.
v - an amulet of regeneration (around neck)
The orc shouts! x2
You hit the orc priest but do no damage.
You bite the orc priest, but do no damage.
The orc priest hits you but does no damage.
You hit the orc priest.
The orc priest is poisoned.
The orc priest is moderately wounded.
The orc priest miscasts a cantrip.
The orc hits you with a +0 club.
You hit the orc priest.
The orc priest is moderately wounded.
The orc priest closely misses you. The orc closely misses you.
You hit the orc priest.
The orc priest looks even sicker.
You bite the orc priest.
The orc priest is heavily wounded.
The orc priest calls down the wrath of Beogh upon you.
Pain shoots through your body! The orc barely misses you.
You hit the orc priest but do no damage.
The orc priest looks as sick as possible!
The orc priest is heavily wounded.
An ufetubus comes into view.
The orc priest barely misses you. The orc hits you with a +0 club.
The orc hits you with a +0 flail.
You are too injured to fight recklessly!
The orc attacks as you move away! The orc closely misses you.
The orc priest attacks as you move away!
The orc priest barely misses you.
The orc priest begins to cast a cantrip, but forgets the words!
The orc hits you but does no damage. The orc attacks as you move away!
The orc barely misses you. The orc attacks as you move away!
The orc hits you with a +0 flail.
The orc priest calls down the wrath of Beogh upon you.
Beogh smites you!
You die...

...........
.#
.........#
...
#.5.....
#...
#......#
#...##
#......##
....#
#.o.o..#
... #ooo.#
#.###...##
#.<..@.##
#.......#
#..##...#
.......####
#.......
...##....
#.. ...#.
## ...##..


You could see an orc priest (extremely poisoned), 4 orcs and an ufetubus
(wandering).

Vanquished Creatures
  An orc priest (D:3)
  Robin (D:2)
  3 adders
  A worm (D:2)
  A dart slug (D:2)
  4 orcs (D:3)
  10 endoplasms
  2 giant cockroaches
  12 goblins
  11 hobgoblins
  4 kobolds
  2 quokkas (D:2)
  7 ball pythons
  11 bats
  3 frilled lizards
  3 rats
76 creatures vanquished.

Vanquished Creatures (others)
  A fungus (D:1)
1 creature vanquished.

Grand Total: 77 creatures vanquished

Notes
Turn   | Place    | Note
-------+----------+-------------------------------------------
     0 | D:1      | Aibolit the Vampire Brigand began the quest for the Orb.
     0 | D:1      | Reached XP level 1. HP: 16/16 MP: 1/1
    95 | D:1      | Found Vuozuebi's Armour Emporium.
   103 | D:1      | Reached skill level 6 in Stealth
   133 | D:1      | Reached XP level 2. HP: 22/22 MP: 2/2
   142 | D:1      | Found Banumumnal's Distillery.
   154 | D:1      | Found Dotwuedgh's Weapon Shoppe.
   267 | D:1      | Found Mecifest's Weapon Shoppe.
   378 | D:1      | Found Wessafar's Antique Armour Shoppe.
   418 | D:1      | Found a faded altar of an unknown god.
   626 | D:1      | Reached skill level 7 in Stealth
   923 | D:2      | Gained mutation: You are afflicted with vampirism and can
                  | become a bat while bloodless. [Vampire growth]
   923 | D:2      | Reached XP level 3. HP: 14/27 MP: 3/3
   950 | D:2      | Noticed Robin
  1041 | D:2      | Killed Robin
  1406 | D:2      | Reached XP level 4. HP: 23/33 MP: 4/4
  1652 | D:2      | Found a shadowy altar of Dithmenos.
  1912 | D:3      | Reached skill level 1 in Armour
  2003 | D:3      | Reached XP level 5. HP: 38/38 MP: 5/5
  2071 | D:3      | Found Qaaci's General Store.
  2091 | D:3      | Bought a scroll of enchant armour for 97 gold pieces
  2123 | D:3      | Found a broken altar of Ashenzari.
  2161 | D:3      | Reached skill level 8 in Stealth
  2294 | D:4      | Killed from afar by an orc priest

Illustrated notes

Levels and vault maps discovered:
D:1:      co_arrival_random_square_maze, layout_rooms, serial_shops,
          nicolae_shop_bloodbath_and_beyond, shop, shop, shop,
          nicolae_shop_advertising_works [nicolae_subvault_shop_adworks],
          shapermc_ecumenical_altar_acropolis
D:2:      layout_rooms, basic_altar, minmay_crystal_water, uniq_robin
D:3:      layout_basic, nicolae_ashenzari_skybound, serial_shops, shop
D:4:      layout_cave_pools, minmay_temple_entry_arrows,
          minmay_misc_feat_pillars, minivault_1, minmay_misc_feat_diagonals,
          kennysheep_cross_room

Skill      XL: |  1  2  3  4  5 |
---------------+----------------+-----
Stealth        | 6 7 8 |  8.0
Fighting       | 2 |  2.2
Short Blades   | 3 |  3.1
Armour         | 1 |  1.1
Throwing       | |  1.8
Dodging        | |  1.9

Action                   |  1- 3 |  4- 6 || total
-------------------------+-------+-------++-------
Melee: Dagger            |   113 |    64 ||   177
       Bite              |    10 |     6 ||    16
       Punch             |     1 |       ||     1
       Short sword       |       |    10 ||    10
Throw: Dart              |     7 |       ||     7
  Use: Scroll            |     5 |     1 ||     6
       Potion            |     1 |     5 ||     6
 Stab: Sleeping          |     4 |    11 ||    15
       Distracted        |     1 |       ||     1
Armor: Chain mail        |    10 |       ||    10
       Leather armour    |    21 |    22 ||    43
Dodge: Dodged            |    53 |    41 ||    94
